[Event "FRA-ch Youth U12W 2019"]
[Site "Hyeres"]
[Date "2019.04.14"]
[Round "1.1"]
[White "Schippke, Manon"]
[Black "Costa Boschetto, Lisa"]
[Result "1-0"]
[ECO "C01"]
[WhiteElo "1646"]
[BlackElo "1161"]
[Annotator "NA"]
[PlyCount "83"]
[EventDate "2019.04.14"]
[EventType "swiss"]
[EventCountry "FRA"]
[SourceTitle "playchess.com"]
[Source "ChessBase"]
[SourceQuality "1"]
[TimeControl "5400+30"]

1. e4 e5 2. Nf3 Nf6 3. Nxe5 d6 4. Nf3 Nxe4 5. d3 Nf6 6. d4 d5 7. Nc3 Bf5 8. Bd3 Bg6 9. Ne5 Bxd3 10. Qxd3 Be7 11. Qb5+ Nbd7 12. Nxd7 Qxd7 13. Qxb7 O-O 14. O-O Rfb8 15. Qa6 Rb6 16. Qd3 Re6 17. h3 Re8 18. Be3 Ne4 19. Nxe4 Rxe4 20. c4 c6 21. cxd5 cxd5 22. Rac1 f5 23. f3 Rh4 24. Rc2 f4 25. Bf2 Rh6 26. Rfc1 Bd6 27. Qb3 Bb8 28. Rc5 Rd6 29. Rb5 Qd8 30. Rcc5 a6 31. Rxd5 Kf8 32. Rf5+ Rf6 33. Rxf6+ gxf6 34. Rb7 Bc7 35. Qa3+ Qd6 36. Rxc7 Qxa3 37. bxa3 h6 38. Rc6 Kf7 39. Rxa6 Re2 40. Bh4 Re6 41. Rxe6 Kxe6 42. a4 1-0

[Event "FRA-ch Youth U12W 2019"]
[Site "Hyeres"]
[Date "2019.04.14"]
[Round "1.3"]
[White "Berezovsky, Fiorina"]
[Black "Wendling, Eleonore"]
[Result "1-0"]
[ECO "C50"]
[WhiteElo "1604"]
[BlackElo "1160"]
[Annotator "NA"]
[PlyCount "47"]
[EventDate "2019.04.14"]
[EventType "swiss"]
[EventCountry "FRA"]
[SourceTitle "playchess.com"]
[Source "ChessBase"]
[SourceQuality "1"]
[TimeControl "5400+30"]

1. e4 e5 2. Nf3 Nc6 3. Bc4 Be7 4. O-O d6 5. d4 Bg4 6. c3 Qd7 7. d5 Nd8 8. h3 Bh5 9. Nxe5 Bxd1 10. Nxd7 Ba4 11. e5 Bxd7 12. f4 c6 13. Re1 dxe5 14. fxe5 b5 15. Bb3 Nb7 16. d6 Bd8 17. Rf1 Bb6+ 18. Kh1 Nh6 19. Bxh6 O-O-O 20. Bxg7 Rhg8 21. Bf6 Rdf8 22. Be7 Re8 23. Bxf7 Rxe7 24. dxe7 1-0

[Event "FRA-ch Youth U12W 2019"]
[Site "Hyeres"]
[Date "2019.04.15"]
[Round "2.1"]
[White "Tran, Ky Lan"]
[Black "Schippke, Manon"]
[Result "0-1"]
[ECO "D20"]
[WhiteElo "1327"]
[BlackElo "1646"]
[Annotator "NA RC"]
[PlyCount "92"]
[EventDate "2019.04.14"]
[EventType "swiss"]
[EventCountry "FRA"]
[SourceTitle "playchess.com"]
[Source "ChessBase"]
[SourceQuality "1"]
[TimeControl "5400+30"]

1. d4 d5 2. c4 dxc4 3. e4 c5 4. d5 Nf6 5. Nc3 b5 6. Bf4 Qa5 7. f3 Bb7 8. a4 b4 9. Nb5 Na6 10. Bxc4 Qb6 11. Ne2 g6 12. Ng3 Qd8 13. O-O Bg7 14. d6 O-O 15. Nc7 Nxc7 16. dxc7 Qc8 17. Bd5 Nxd5 18. exd5 Bxb2 19. Rb1 Bd4+ 20. Kh1 Bxd5 21. Ne2 e5 22. Bxe5 Bxe5 23. Qxd5 Qxc7 24. f4 Bg7 25. Rfc1 Qe7 26. Ng3 Rfc8 27. f5 Rab8 28. fxg6 hxg6 29. Ne4 Rd8 30. Qxc5 Qxe4 31. Qxa7 Ra8 32. Qb6 Rd2 33. Qc6 Qxc6 34. Rxc6 Rxa4 35. Rc4 Bc3 36. h3 Raa2 37. Rg4 Rab2 38. Ra1 b3 39. Ra8+ Kg7 40. Ra3 Rd1+ 41. Kh2 Be5+ 42. Rg3 Rd3 43. Ra1 Bxg3+ 44. Kg1 Rdd2 45. Kf1 Rxg2 46. Ra3 Rbf2+ 0-1

[Event "FRA-ch Youth U12W 2019"]
[Site "Hyeres"]
[Date "2019.04.15"]
[Round "2.2"]
[White "Bousmaha, Leila"]
[Black "Sumarriva Paulin, Jade"]
[Result "1-0"]
[ECO "C47"]
[WhiteElo "1616"]
[BlackElo "1312"]
[Annotator "NA RC"]
[PlyCount "57"]
[EventDate "2019.04.14"]
[EventType "swiss"]
[EventCountry "FRA"]
[SourceTitle "playchess.com"]
[Source "ChessBase"]
[SourceQuality "1"]
[TimeControl "5400+30"]

1. e4 e5 2. Nf3 Nc6 3. Nc3 Nf6 4. d4 exd4 5. Nxd4 Bc5 6. Be3 Bb4 7. Nxc6 bxc6 8. Bg5 Bxc3+ 9. bxc3 d6 10. Qd4 Qe7 11. Bd3 Qe6 12. O-O c5 13. Qe3 O-O 14. f4 Bb7 15. Bxf6 Qxf6 16. e5 Qe6 17. Rae1 Rfe8 18. Qg3 Qxa2 19. c4 Qa4 20. Qh3 h6 21. Qf5 g6 22. Qf6 Re6 23. Qh4 Kg7 24. f5 Ree8 25. Qf6+ Kg8 26. fxg6 Qd7 27. gxf7+ Kf8 28. fxe8=Q+ Kxe8 29. Qf8# 1-0

[Event "FRA-ch Youth U12W 2019"]
[Site "Hyeres"]
[Date "2019.04.15"]
[Round "2.3"]
[White "Bellahcene, Jenna"]
[Black "Berezovsky, Fiorina"]
[Result "0-1"]
[ECO "B22"]
[WhiteElo "1305"]
[BlackElo "1604"]
[Annotator "NA RC"]
[PlyCount "174"]
[EventDate "2019.04.14"]
[EventType "swiss"]
[EventCountry "FRA"]
[SourceTitle "playchess.com"]
[Source "ChessBase"]
[SourceQuality "1"]
[TimeControl "5400+30"]

1. e4 c5 2. c3 d5 3. exd5 Qxd5 4. d4 e6 5. Nf3 Nc6 6. Be2 Nf6 7. O-O cxd4 8. cxd4 Be7 9. Nc3 Qd8 10. Be3 O-O 11. Qd2 b6 12. Rfd1 Bb7 13. Rac1 Nb4 14. Ne5 Nbd5 15. Bg5 Rc8 16. Bf3 a6 17. a3 b5 18. b4 a5 19. Na2 axb4 20. Nxb4 Qd6 21. Ned3 Nd7 22. Bxe7 Qxe7 23. Nxd5 Bxd5 24. Bxd5 exd5 25. Nb4 Nb6 26. Qd3 Qd7 27. Qf3 Rc4 28. Qd3 Rfc8 29. Rxc4 bxc4 30. Qc2 Re8 31. Kf1 Qe6 32. Na2 Qh6 33. h3 Qf4 34. Kg1 Qf6 35. Nc3 Qd6 36. Nb5 Qc6 37. Nc3 Nd7 38. a4 Nf6 39. Ra1 Ne4 40. Ne2 Qf6 41. Rf1 c3 42. Nxc3 Qc6 43. Rc1 Rc8 44. Nxe4 Qxc2 45. Rxc2 Rxc2 46. Nc5 Rc4 47. a5 Rxd4 48. Kf1 Rd1+ 49. Ke2 Ra1 50. a6 Ra5 51. Nd3 Rxa6 52. Ke3 Kf8 53. Kd4 Rd6 54. Nf4 Ke7 55. h4 h6 56. Nd3 g5 57. hxg5 hxg5 58. f4 f6 59. fxg5 fxg5 60. g3 Kf6 61. g4 Ke7 62. Ne5 Ke6 63. Nf3 Kf6 64. Ne5 Re6 65. Nd7+ Ke7 66. Ne5 Kd6 67. Nf7+ Ke7 68. Nxg5 Rg6 69. Nf3 Kd6 70. Ne5 Rg7 71. g5 Re7 72. Nf3 Re4+ 73. Kd3 Rg4 74. Ke3 Kc5 75. Kd2 d4 76. Ne5 Rxg5 77. Nd3+ Kc4 78. Nb2+ Kb3 79. Nd3 Rg2+ 80. Kd1 Kc3 81. Nf4 Rh2 82. Nd5+ Kc4 83. Nf4 d3 84. Ke1 Kd4 85. Kd1 Ke4 86. Ne6 Ke3 87. Kc1 d2+ 0-1

[Event "FRA-ch Youth U12W 2019"]
[Site "Hyeres"]
[Date "2019.04.15"]
[Round "3.1"]
[White "Schippke, Manon"]
[Black "Forges-Boulanger, Julie"]
[Result "1-0"]
[ECO "B10"]
[WhiteElo "1646"]
[BlackElo "1371"]
[Annotator "NA"]
[PlyCount "113"]
[EventDate "2019.04.14"]
[EventType "swiss"]
[EventCountry "FRA"]
[SourceTitle "playchess.com"]
[Source "ChessBase"]
[SourceQuality "1"]
[TimeControl "5400+30"]

1. e4 c6 2. b3 d5 3. Bb2 dxe4 4. Nc3 Bf5 5. g4 Bg6 6. Bg2 Nf6 7. Qe2 e6 8. Nxe4 Nxe4 9. Bxe4 Bxe4 10. Qxe4 Qd5 11. Qxd5 cxd5 12. f4 f6 13. O-O-O Nd7 14. Re1 Kf7 15. Ne2 Re8 16. Rhf1 Rg8 17. Nd4 Bc5 18. Nb5 a6 19. Nc7 Re7 20. f5 e5 21. Nxd5 Ree8 22. Nc7 Rc8 23. Ne6 Bb6 24. d4 exd4 25. Bxd4 Bxd4 26. Nxd4 Ne5 27. Re4 Rc3 28. Kb2 Rgc8 29. Rf2 R3c7 30. Ref4 h6 31. Nf3 Nxf3 32. R4xf3 Rd8 33. Rd3 Rxd3 34. cxd3 Ke7 35. Rc2 Rd7 36. Kc3 Rd6 37. d4 b5 38. Rd2 Rd5 39. Kb4 Kd7 40. Ka5 Rd6 41. d5 Kd8 42. Kb4 Ke8 43. Kc5 Kd7 44. Re2 a5 45. Re6 Rxe6 46. dxe6+ Kc7 47. Kxb5 g6 48. fxg6 f5 49. g7 f4 50. g8=Q f3 51. Qf7+ Kd6 52. Qxf3 a4 53. Qe4 axb3 54. axb3 h5 55. e7 hxg4 56. e8=Q g3 57. Q4e5# {[%emt 0:00:06] Kd5 [%clk 0:00:00]} 1-0

[Event "FRA-ch Youth U12W 2019"]
[Site "Hyeres"]
[Date "2019.04.15"]
[Round "3.2"]
[White "Micheli, Elora"]
[Black "Bousmaha, Leila"]
[Result "1-0"]
[ECO "C45"]
[WhiteElo "1359"]
[BlackElo "1616"]
[Annotator "NA"]
[PlyCount "72"]
[EventDate "2019.04.14"]
[EventType "swiss"]
[EventCountry "FRA"]
[SourceTitle "playchess.com"]
[Source "ChessBase"]
[SourceQuality "1"]
[TimeControl "5400+30"]

1. e4 e5 2. Nf3 Nc6 3. d4 exd4 4. Nxd4 Qf6 5. Be3 Bc5 6. c3 Nge7 7. g3 d6 8. Bg2 Bd7 9. O-O h5 10. b4 Bb6 11. h4 Ne5 12. a4 c5 13. Nf3 Bg4 14. Nbd2 a6 15. a5 Ba7 16. Qa4+ Kf8 17. Nxe5 Qxe5 18. Rac1 Qe6 19. Kh2 Qg6 20. e5 Rb8 21. exd6 Qxd6 22. Bf4 Qd8 23. Bxb8 Bxb8 24. Nf3 Nf5 25. Kg1 Bxf3 26. Bxf3 Nxh4 27. gxh4 Qxh4 28. Rfe1 Bh2+ 29. Kf1 Qh3+ 30. Bg2 Qd3+ 31. Re2 g5 32. Qe8+ Kg7 33. Qe3 Qg6 34. Qxc5 Rd8 35. Qe7 Rd3 36. Be4 Qh6 1-0

[Event "FRA-ch Youth U12W 2019"]
[Site "Hyeres"]
[Date "2019.04.15"]
[Round "3.3"]
[White "Berezovsky, Fiorina"]
[Black "Riss, Selenia"]
[Result "1-0"]
[ECO "C54"]
[WhiteElo "1604"]
[BlackElo "1347"]
[Annotator "NA"]
[PlyCount "137"]
[EventDate "2019.04.14"]
[EventType "swiss"]
[EventCountry "FRA"]
[SourceTitle "playchess.com"]
[Source "ChessBase"]
[SourceQuality "1"]
[TimeControl "5400+30"]

1. e4 e5 2. Nf3 Nc6 3. Bc4 Bc5 4. O-O Nf6 5. d3 d6 6. c3 a6 7. d4 exd4 8. cxd4 Ba7 9. Bg5 h6 10. Bxf6 Qxf6 11. e5 dxe5 12. dxe5 Qg6 13. Bd3 Qe6 14. Nc3 O-O 15. Qe2 Re8 16. Qe4 g6 17. Bc4 Qf5 18. Qxf5 Bxf5 19. Nd5 Rec8 20. Rac1 Bb6 21. Rfd1 Rd8 22. h3 Kg7 23. b4 Be6 24. a3 Rab8 25. g4 Rd7 26. Nxb6 Rxd1+ 27. Rxd1 cxb6 28. Bxe6 fxe6 29. Rd6 Kf7 30. Kf1 Rd8 31. Rxd8 Nxd8 32. Ke2 Nc6 33. Kd3 Ke7 34. Ke4 g5 35. Nd2 b5 36. f4 gxf4 37. Kxf4 Kf7 38. Ne4 Kg6 39. Nd6 Nd8 40. h4 h5 41. Ne4 hxg4 42. Kxg4 Nc6 43. Kf4 Kh5 44. Nc5 Nd8 45. Kg3 Kh6 46. Kg4 Kg6 47. h5+ Kh6 48. Kh4 Kh7 49. Kg5 Kg7 50. h6+ Kh7 51. Kf6 Kxh6 52. Nxe6 Nxe6 53. Kxe6 Kg7 54. Kd7 Kf7 55. e6+ Kf6 56. e7 a5 57. e8=Q axb4 58. Qe6+ Kg5 59. axb4 b6 60. Qf7 Kg4 61. Qf6 Kg3 62. Qf5 Kg2 63. Qf4 Kh1 64. Qd2 Kg1 65. Ke6 Kf1 66. Kf5 Kg1 67. Kg4 Kh1 68. Kh3 Kg1 69. Qg2# 1-0

[Event "FRA-ch Youth U12W 2019"]
[Site "Hyeres"]
[Date "2019.04.15"]
[Round "3.4"]
[White "Brion, Frederika"]
[Black "Fougerat, Emma"]
[Result "1/2-1/2"]
[ECO "B23"]
[WhiteElo "1351"]
[BlackElo "1585"]
[Annotator "NA RC"]
[PlyCount "84"]
[EventDate "2019.04.14"]
[EventType "swiss"]
[EventCountry "FRA"]
[SourceTitle "playchess.com"]
[Source "ChessBase"]
[SourceQuality "1"]
[TimeControl "5400+30"]

1. e4 c5 2. Nc3 d6 3. f4 g6 4. Nf3 Bg7 5. Bc4 a6 6. a4 Nf6 7. O-O O-O 8. d3 Nc6 9. Qe1 Rb8 10. f5 gxf5 11. Qh4 fxe4 12. dxe4 Be6 13. Bxe6 fxe6 14. Bh6 Nd4 15. Ng5 Bxh6 16. Qxh6 Rf7 17. Nxf7 Kxf7 18. Qxh7+ Ke8 19. Qh8+ Kd7 20. Qxd8+ Rxd8 21. Rac1 b5 22. axb5 axb5 23. Rfe1 Rg8 24. Kh1 Ng4 25. h3 Rh8 26. Kg1 Ne5 27. Ne2 Ndc6 28. Ng3 Rg8 29. Kh2 b4 30. b3 Nd4 31. Re3 Rh8 32. Kg1 Rg8 33. Kf2 c4 34. Ke1 c3 35. Kf2 Rf8+ 36. Ke1 Rg8 37. Kd1 Rf8 38. Ke1 Rg8 39. Kf2 Rf8+ 40. Ke1 Rg8 41. Kf2 Rf8+ 42. Ke1 Rg8 1/2-1/2

[Event "FRA-ch Youth U12W 2019"]
[Site "Hyeres"]
[Date "2019.04.16"]
[Round "4.1"]
[White "Ider, Ariuna"]
[Black "Schippke, Manon"]
[Result "1/2-1/2"]
[ECO "D00"]
[WhiteElo "1474"]
[BlackElo "1646"]
[Annotator "NA"]
[PlyCount "61"]
[EventDate "2019.04.14"]
[EventType "swiss"]
[EventCountry "FRA"]
[SourceTitle "playchess.com"]
[Source "ChessBase"]
[SourceQuality "1"]
[TimeControl "5400+30"]

1. d4 d5 2. Bf4 Nf6 3. e3 e6 4. Nd2 Bd6 5. Bg3 O-O 6. Bd3 b6 7. Qe2 c5 8. c3 Bb7 9. e4 dxe4 10. Nxe4 Nxe4 11. Bxe4 Nc6 12. Rd1 Qe7 13. Bxd6 Qxd6 14. dxc5 Qxc5 15. Rd7 Rab8 16. Nf3 Rfd8 17. Rxd8+ Rxd8 18. O-O Qa5 19. Rd1 Qa4 20. Rxd8+ Nxd8 21. Qd3 Nc6 22. Bxh7+ Kh8 23. Be4 Qxa2 24. h3 Qxb2 25. Bxc6 Bxc6 26. Qd8+ Kh7 27. Qh4+ Kg8 28. Qd8+ Kh7 29. Qh4+ Kg8 30. Qd8+ Kh7 31. Qh4+ 1/2-1/2

[Event "FRA-ch Youth U12W 2019"]
[Site "Hyeres"]
[Date "2019.04.16"]
[Round "4.2"]
[White "Deladerriere, Calypso"]
[Black "Berezovsky, Fiorina"]
[Result "1/2-1/2"]
[ECO "B83"]
[WhiteElo "1443"]
[BlackElo "1604"]
[Annotator "NA"]
[PlyCount "96"]
[EventDate "2019.04.14"]
[EventType "swiss"]
[EventCountry "FRA"]
[SourceTitle "playchess.com"]
[Source "ChessBase"]
[SourceQuality "1"]
[TimeControl "5400+30"]

1. e4 c5 2. Nc3 e6 3. f4 Nc6 4. Nf3 a6 5. d4 cxd4 6. Nxd4 d6 7. Be3 Qc7 8. Be2 Nf6 9. O-O Be7 10. Qd2 b5 11. a3 Bb7 12. Bf3 Na5 13. b3 O-O 14. Qd3 Rfd8 15. Be2 Rac8 16. Bd2 d5 17. e5 Ne4 18. Nd1 Nc6 19. c3 Qb6 20. Kh1 Nxd4 21. cxd4 b4 22. a4 a5 23. Nf2 Nxd2 24. Qxd2 Rc3 25. Rab1 Rdc8 26. Rb2 Ba6 27. Bxa6 Qxa6 28. Rd1 Qc6 29. Nd3 Qb6 30. Nf2 R8c6 31. Rbb1 Qc7 32. Nd3 Rc2 33. Qe1 h6 34. Rd2 R2c3 35. Rdd1 Qb7 36. h3 Qa6 37. Qd2 Rc2 38. Qe1 Bd8 39. Rbc1 Rxc1 40. Rxc1 Rxc1 41. Nxc1 Qc6 42. Qd1 Bb6 43. Ne2 Qc7 44. Qd3 Qd7 45. Qa6 Qc7 46. Qd3 Qd7 47. Qa6 Qc7 48. Qa8+ Kh7 1/2-1/2

[Event "FRA-ch Youth U12W 2019"]
[Site "Hyeres"]
[Date "2019.04.16"]
[Round "4.3"]
[White "Gaillard, Marie"]
[Black "Schebacher, Solene"]
[Result "0-1"]
[ECO "E00"]
[WhiteElo "1418"]
[BlackElo "1555"]
[Annotator "NA"]
[PlyCount "128"]
[EventDate "2019.04.14"]
[EventType "swiss"]
[EventCountry "FRA"]
[SourceTitle "playchess.com"]
[Source "ChessBase"]
[SourceQuality "1"]
[TimeControl "5400+30"]

1. d4 Nf6 2. c4 e6 3. a3 Be7 4. Nc3 d5 5. c5 a5 6. Nf3 Bd7 7. e3 O-O 8. Bd3 Bc6 9. Ne5 h6 10. O-O Nfd7 11. f4 Nxe5 12. fxe5 f6 13. Qh5 f5 14. Qg6 Bd7 15. Nb5 Bg5 16. Rf3 Qc8 17. Qh5 Bxb5 18. Bxb5 Qd8 19. Qg6 Qe7 20. Bd2 Qf7 21. Qxf7+ Rxf7 22. Raf1 Nc6 23. g4 Nxd4 24. exd4 Bxd2 25. gxf5 Raf8 26. Bd3 Kh8 27. Kg2 exf5 28. Rxf5 Kg8 29. Rxf7 Rxf7 30. Rxf7 Kxf7 31. Kf3 a4 32. Bb5 Bc1 33. Bxa4 Bxb2 34. Ke3 Bxa3 35. Bb3 Ke6 36. Bc2 Kf7 37. Bf5 b6 38. Kd3 bxc5 39. dxc5 Bxc5 40. e6+ Kf6 41. Bg4 g6 42. h4 h5 43. Bh3 Ke5 44. Kc3 Be7 45. Kd3 Bxh4 46. Ke3 Be7 47. Kd3 g5 48. Bg2 Kxe6 49. Kd4 c5+ 50. Kd3 Kd6 51. Bf3 g4 52. Bg2 c4+ 53. Kd4 Bf6+ 54. Ke3 d4+ 55. Kf2 Ke5 56. Be4 Kxe4 57. Kg1 c3 58. Kh2 c2 59. Kg2 c1=Q 60. Kf2 Qe3+ 61. Kg2 Be5 62. Kf1 Qd2 63. Kg1 Kf3 64. Kh1 Qg2# 0-1

[Event "FRA-ch Youth U12W 2019"]
[Site "Hyeres"]
[Date "2019.04.16"]
[Round "4.4"]
[White "Lazes, Alexia"]
[Black "Micheli, Elora"]
[Result "1/2-1/2"]
[ECO "B45"]
[WhiteElo "1491"]
[BlackElo "1359"]
[Annotator "NA"]
[PlyCount "81"]
[EventDate "2019.04.14"]
[EventType "swiss"]
[EventCountry "FRA"]
[SourceTitle "playchess.com"]
[Source "ChessBase"]
[SourceQuality "1"]
[TimeControl "5400+30"]

1. e4 c5 2. Nf3 e6 3. d4 cxd4 4. Nxd4 Nf6 5. Nc3 Nc6 6. Be3 Bb4 7. f3 d5 8. Bg5 h6 9. Bxf6 Qxf6 10. a3 Qxd4 11. axb4 Qxb4 12. Qd2 d4 13. Nb5 Qxb2 14. Rd1 O-O 15. Nxd4 Nxd4 16. Qxd4 Qxc2 17. Rd2 Qc6 18. Be2 b6 19. O-O Bb7 20. Rfd1 b5 21. Qb4 a6 22. Qd6 Qxd6 23. Rxd6 Rfc8 24. Rb6 Rc7 25. Ra1 Rd8 26. Kf2 Kf8 27. e5 g5 28. g3 Kg7 29. f4 Rd4 30. Bf3 Bxf3 31. Kxf3 Rc3+ 32. Ke2 gxf4 33. gxf4 Rxf4 34. Rg1+ Kf8 35. Rb8+ Ke7 36. Rb7+ Kf8 37. Rb8+ Ke7 38. Rb7+ Kf8 39. Rb8+ Ke7 40. Rb7+ Kf8 41. Rb8+ {[%emt 0:00:09] Ke8 [%clk 0:00:00]} 1/2-1/2

[Event "FRA-ch Youth U12W 2019"]
[Site "Hyeres"]
[Date "2019.04.17"]
[Round "5.1"]
[White "Schebacher, Solene"]
[Black "Fougerat, Emma"]
[Result "1-0"]
[ECO "B28"]
[WhiteElo "1555"]
[BlackElo "1585"]
[Annotator "NA RC"]
[PlyCount "173"]
[EventDate "2019.04.14"]
[EventType "swiss"]
[EventCountry "FRA"]
[SourceTitle "playchess.com"]
[Source "ChessBase"]
[SourceQuality "1"]
[TimeControl "5400+30"]

1. e4 c5 2. Nf3 a6 3. c3 b5 4. Bd3 c4 5. Bc2 d5 6. O-O Nc6 7. exd5 Qxd5 8. d3 cxd3 9. Bxd3 e6 10. Bf4 Nf6 11. Qe2 Bc5 12. Rd1 Qh5 13. h3 O-O 14. Nbd2 Ba7 15. Nf1 Bb8 16. Ng3 Qc5 17. Be3 Qe7 18. Ne4 Nxe4 19. Bxe4 Bb7 20. Bc2 Qc7 21. Qd3 f5 22. Qd7 Qxd7 23. Rxd7 Rf7 24. Rxf7 Kxf7 25. Bb3 h6 26. Rd1 Bc8 27. Nd4 Nxd4 28. Bxd4 a5 29. a3 a4 30. Ba2 Ra6 31. Rc1 Bf4 32. Re1 Bb7 33. Be5 Bg5 34. Rd1 Bc8 35. c4 bxc4 36. Bxc4 Ra5 37. Bc3 Rc5 38. Bd3 Bf6 39. Rc1 Bd4 40. Kf1 e5 41. Ke2 e4 42. Bb1 Be6 43. f3 Bc4+ 44. Kd2 e3+ 45. Ke1 Rd5 46. Bxd4 Rxd4 47. Rxc4 Rd2 48. Rc2 Rd4 49. Rc7+ Kf6 50. Rc6+ Kg5 51. Rc5 g6 52. g3 Rd2 53. f4+ Kf6 54. Rc2 Rd6 55. Ba2 g5 56. Ke2 h5 57. Kxe3 gxf4+ 58. gxf4 h4 59. Bb1 Re6+ 60. Kf3 Rd6 61. Rc5 Rd2 62. Rxf5+ Ke6 63. Rb5 Rd1 64. Ba2+ Kf6 65. Kg4 Rg1+ 66. Kxh4 Rg2 67. Bd5 Rg7 68. Be4 Rg8 69. Rf5+ Ke7 70. Rg5 Rh8+ 71. Kg4 Rb8 72. Rg7+ Kf6 73. Rb7 Rg8+ 74. Kf3 Rh8 75. Rb6+ Kg7 76. Rb7+ Kf6 77. Kg4 Rg8+ 78. Kh5 Rh8+ 79. Rh7 Rb8 80. Ra7 Rxb2 81. Rxa4 Rb3 82. h4 Rb5+ 83. f5 Rb8 84. Ra6+ Ke5 85. Bd3 Rh8+ 86. Kg5 Rg8+ 87. Rg6 1-0

[Event "FRA-ch Youth U12W 2019"]
[Site "Hyeres"]
[Date "2019.04.17"]
[Round "5.2"]
[White "Schippke, Manon"]
[Black "Lazes, Alexia"]
[Result "1-0"]
[ECO "C00"]
[WhiteElo "1646"]
[BlackElo "1491"]
[Annotator "NA RC"]
[PlyCount "69"]
[EventDate "2019.04.14"]
[EventType "swiss"]
[EventCountry "FRA"]
[SourceTitle "playchess.com"]
[Source "ChessBase"]
[SourceQuality "1"]
[TimeControl "5400+30"]

1. e4 e6 2. d3 d5 3. Qe2 Be7 4. Nf3 Nf6 5. g3 O-O 6. Bg2 Nbd7 7. e5 Ne8 8. O-O c5 9. c3 Qc7 10. d4 a6 11. a4 b6 12. Bf4 Rb8 13. h4 b5 14. a5 cxd4 15. cxd4 Qc4 16. Qe3 Qb4 17. Nbd2 Bd8 18. Nb3 Rb7 19. Rfc1 Rc7 20. Qd3 h6 21. g4 Bb7 22. h5 Rxc1+ 23. Rxc1 Nb8 24. g5 hxg5 25. Nxg5 Bxg5 26. Bxg5 Nc6 27. h6 g6 28. h7+ Kxh7 29. Qh3+ Kg8 30. Qh6 Nxd4 31. Nxd4 Qxd4 32. Be7 Ng7 33. Bxf8 Qxe5 34. Bxg7 Qxg7 35. Qxg7+ 1-0

[Event "FRA-ch Youth U12W 2019"]
[Site "Hyeres"]
[Date "2019.04.17"]
[Round "5.3"]
[White "Berezovsky, Fiorina"]
[Black "Gagua, Nani"]
[Result "0-1"]
[ECO "A15"]
[WhiteElo "1604"]
[BlackElo "1458"]
[Annotator "NA RC"]
[PlyCount "54"]
[EventDate "2019.04.14"]
[EventType "swiss"]
[EventCountry "FRA"]
[SourceTitle "playchess.com"]
[Source "ChessBase"]
[SourceQuality "1"]
[TimeControl "5400+30"]

1. d4 Nf6 2. c4 e6 3. g3 Be7 4. Bg2 O-O 5. Nf3 d6 6. O-O Nbd7 7. Nc3 Nb6 8. b3 d5 9. Ne5 h6 10. c5 Nbd7 11. f4 Nxe5 12. fxe5 Nd7 13. e4 c6 14. exd5 exd5 15. b4 Bg5 16. Bf4 Qe7 17. Qe2 Re8 18. Qh5 Rf8 19. Rae1 Nb8 20. h4 Bxf4 21. gxf4 Kh7 22. f5 Rg8 23. Kh1 Na6 24. f6 gxf6 25. exf6 Qf8 26. Re7 Rg6 27. Qxg6+ Kxg6 0-1

[Event "FRA-ch Youth U12W 2019"]
[Site "Hyeres"]
[Date "2019.04.17"]
[Round "5.4"]
[White "Micheli, Elora"]
[Black "Ider, Ariuna"]
[Result "1-0"]
[ECO "B01"]
[WhiteElo "1359"]
[BlackElo "1474"]
[Annotator "NA RC"]
[PlyCount "56"]
[EventDate "2019.04.14"]
[EventType "swiss"]
[EventCountry "FRA"]
[SourceTitle "playchess.com"]
[Source "ChessBase"]
[SourceQuality "1"]
[TimeControl "5400+30"]

1. e4 d5 2. exd5 Qxd5 3. Nc3 Qd6 4. d4 Nf6 5. Bc4 a6 6. Nge2 b5 7. Bb3 Bb7 8. Bf4 Qd7 9. f3 c5 10. dxc5 Qxd1+ 11. Rxd1 Nbd7 12. c6 Bxc6 13. Nd4 Bb7 14. Be3 e6 15. Bf2 Bb4 16. O-O Bxc3 17. bxc3 Rc8 18. Ne2 Nc5 19. Bd4 O-O 20. Rfe1 a5 21. a3 Bd5 22. Bxf6 Bxb3 23. cxb3 Nxb3 24. Bh4 f6 25. Rb1 a4 26. Red1 g5 27. Bf2 Rfd8 28. Bb6 Rd2 1-0

[Event "FRA-ch Youth U12W 2019"]
[Site "Hyeres"]
[Date "2019.04.18"]
[Round "6.1"]
[White "Schippke, Manon"]
[Black "Schebacher, Solene"]
[Result "1-0"]
[ECO "A05"]
[WhiteElo "1646"]
[BlackElo "1555"]
[Annotator "NA"]
[PlyCount "68"]
[EventDate "2019.04.14"]
[EventType "swiss"]
[EventCountry "FRA"]
[SourceTitle "playchess.com"]
[Source "ChessBase"]
[SourceQuality "1"]
[TimeControl "5400+30"]

1. e4 c5 2. Nf3 Nc6 3. g3 g6 4. Bg2 Bg7 5. O-O d6 6. d3 Nf6 7. Re1 O-O 8. c3 Bd7 9. d4 cxd4 10. cxd4 Bg4 11. h3 Bxf3 12. Bxf3 Qb6 13. d5 Nd4 14. Bg2 Nd7 15. Nc3 Rfc8 16. Be3 Qxb2 17. Na4 Qc2 18. Bxd4 Bxd4 19. Qxd4 Rc4 20. Qb2 Qxa4 21. Rec1 Nc5 22. Rxc4 Qxc4 23. e5 Qa6 24. exd6 Qxd6 25. Rc1 b6 26. Qe2 Rb8 27. Qb5 a6 28. Qc6 Qd8 29. Rb1 Qd6 30. a4 Qxc6 31. dxc6 Nxa4 32. Rd1 Rc8 33. Rd7 Kf8 34. c7 Kg7 1-0

[Event "FRA-ch Youth U12W 2019"]
[Site "Hyeres"]
[Date "2019.04.18"]
[Round "6.2"]
[White "Gagua, Nani"]
[Black "Deladerriere, Calypso"]
[Result "1-0"]
[ECO "C54"]
[WhiteElo "1458"]
[BlackElo "1443"]
[Annotator "NA"]
[PlyCount "83"]
[EventDate "2019.04.14"]
[EventType "swiss"]
[EventCountry "FRA"]
[SourceTitle "playchess.com"]
[Source "ChessBase"]
[SourceQuality "1"]
[TimeControl "5400+30"]

1. e4 e5 2. Nf3 Nc6 3. Bc4 Nf6 4. d3 Bc5 5. c3 d6 6. h3 h6 7. Nbd2 a6 8. a4 Be6 9. Bb3 O-O 10. O-O Nh5 11. Bxe6 fxe6 12. Nb3 Ba7 13. d4 exd4 14. Nbxd4 Nxd4 15. Nxd4 Qe8 16. Qb3 Bxd4 17. cxd4 b6 18. Be3 Nf4 19. Bxf4 Rxf4 20. Qe3 Rf7 21. Qb3 e5 22. Rac1 Rc8 23. d5 Kh8 24. Rc6 a5 25. Rfc1 Qd7 26. Qc2 Kh7 27. b3 Kh8 28. Rxb6 Ra8 29. Rb7 Qd8 30. Rxc7 Rf8 31. Qe2 Qb8 32. Qg4 Rg8 33. Rf7 Ra7 34. Rxa7 Qxa7 35. Rc8 Qf7 36. Rxg8+ Qxg8 37. Qd7 Qb8 38. Qb5 Qd8 39. b4 axb4 40. Qxb4 Qc7 41. g3 Kg8 42. a5 1-0

[Event "FRA-ch Youth U12W 2019"]
[Site "Hyeres"]
[Date "2019.04.18"]
[Round "6.3"]
[White "Riss, Selenia"]
[Black "Micheli, Elora"]
[Result "0-1"]
[ECO "B23"]
[WhiteElo "1347"]
[BlackElo "1359"]
[Annotator "NA"]
[PlyCount "76"]
[EventDate "2019.04.14"]
[EventType "swiss"]
[EventCountry "FRA"]
[SourceTitle "playchess.com"]
[Source "ChessBase"]
[SourceQuality "1"]
[TimeControl "5400+30"]

1. e4 c5 2. Nc3 a6 3. g3 b5 4. Bg2 Bb7 5. f4 e6 6. Qe2 Nc6 7. Nf3 Nf6 8. e5 Ng8 9. O-O h5 10. d3 Be7 11. Be3 Rc8 12. Qf2 Nb8 13. Ne4 Qc7 14. Nfd2 a5 15. a3 Nh6 16. h3 Nf5 17. c3 Nxe3 18. Qxe3 a4 19. Nf3 Bd5 20. d4 Qc6 21. Nf2 d6 22. exd6 Bxd6 23. Rac1 O-O 24. Rfe1 Nd7 25. Nd3 Rfe8 26. Kh2 Qb7 27. Qd2 Bxf3 28. Bxf3 Qxf3 29. Rf1 Qd5 30. Nf2 cxd4 31. cxd4 Nc5 32. Qc3 Nb3 33. Qxc8 Rxc8 34. Rxc8+ Kh7 35. Rd1 Nxd4 36. Rdc1 Nf3+ 37. Kh1 Nh4+ 38. Kg1 Qg2# 0-1

[Event "FRA-ch Youth U12W 2019"]
[Site "Hyeres"]
[Date "2019.04.18"]
[Round "6.4"]
[White "Bellahcene, Jenna"]
[Black "Weigelt, Elea"]
[Result "1/2-1/2"]
[ECO "C40"]
[WhiteElo "1305"]
[BlackElo "1378"]
[Annotator "NA"]
[PlyCount "61"]
[EventDate "2019.04.14"]
[EventType "swiss"]
[EventCountry "FRA"]
[SourceTitle "playchess.com"]
[Source "ChessBase"]
[SourceQuality "1"]
[TimeControl "5400+30"]

1. e4 e5 2. Nf3 d5 3. exd5 e4 4. Nd4 Qxd5 5. Nb3 Nf6 6. Nc3 Qe5 7. Be2 a6 8. O-O Bd6 9. g3 O-O 10. Re1 Re8 11. d4 Qf5 12. Be3 Nbd7 13. Qd2 Nb6 14. Rad1 Nbd5 15. Nxd5 Nxd5 16. Bf1 Qg6 17. Bg2 Bg4 18. Rc1 Bf3 19. a3 c6 20. c4 Nf6 21. Bf4 Bxf4 22. Qxf4 Nh5 23. Qe3 Bxg2 24. Kxg2 b6 25. c5 b5 26. Nd2 f5 27. Kh1 Nf6 28. Nf1 a5 29. Rcd1 Nd5 30. Qb3 a4 31. Qc2 1/2-1/2